 Dungeon Crawl Stone Soup version 0.19.1 (webtiles) character file.

291 kraedy the Slasher (level 6, -8/47 HPs)
             Began as a Demonspawn Fighter on Dec 3, 2016.
             Was an Initiate of Okawaru.
             Mangled by an iguana (10 damage)
             ... on level 4 of the Dungeon.
             The game lasted 00:07:18 (3429 turns).

kraedy the Slasher (Demonspawn Fighter)             Turns: 3429, Time: 00:07:19

Health: -8/47      AC:  6    Str: 19    XL:     6   Next: 10%
Magic:  6/6        EV:  7    Int:  9    God:    Okawaru [......]
Gold:   141        SH:  8    Dex: 12    Spells: 0 memorised, 5 levels left

rFire  . . .     SeeInvis .     a - +0 long sword
rCold  . . .     Gourm    .     b - +0 scale mail
rNeg   . . .     Faith    .     c - +0 shield
rPois  .         Spirit   .     (no helmet)
rElec  .         Reflect  .     (no cloak)
rCorr  .         Harm     .     (no gloves)
MR     .....                    (no boots)
Stlth  ..........               (no amulet)
                                (no ring)
                                (no ring)

@: flying, drained
A: powered by pain 1, spiny 2, sturdy frame 1
a: Renounce Religion


You were on level 4 of the Dungeon.
You worshipped Okawaru.
Okawaru was noncommittal.
You were very hungry.

You visited 2 branches of the dungeon, and saw 5 of its levels.

You collected 141 gold pieces.

Inventory:

Hand Weapons
 a - a +0 long sword (weapon)
Armour
 b - a +0 scale mail (worn)
 c - a +0 shield (worn)
Scrolls
 e - a scroll of teleportation
 g - 3 scrolls of remove curse
 h - 3 scrolls of identify
 j - a scroll of recharging
 q - a scroll of magic mapping {unknown}
Potions
 d - a potion of heal wounds {unknown}
 l - 2 potions of agility {unknown}
 m - a potion of brilliance
Comestibles
 f - 3 bread rations
 k - 3 meat rations
 o - a beef jerky


   Skills:
 - Level 3.0(2.0) Fighting
 + Level 5.9(4.9) Long Blades
 - Level 2.6(1.7) Armour
 - Level 2.6(1.7) Shields


You had 5 spell levels left.
You didn't know any spells.

Dungeon Overview and Level Annotations

Branches:
Dungeon (4/15)             Temple (1/1) D:4

Altars:
Cheibriados
Dithmenos
Gozag
Hepliaklqana
Makhleb
Nemelex Xobeh
Okawaru
Ru
Sif Muna
Trog
Uskayaw
Xom
Zin
The Shining One


Innate Abilities, Weirdness & Mutations

You sometimes gain a little power by taking damage.
You are mostly covered in sharp spines.
Your movements are slightly less encumbered by armour. (ER -2)


Message History

You hit the iguana.
The iguana is heavily wounded.
The iguana is struck by your spines. The iguana bites you!
* * * LOW HITPOINT WARNING * * *
Okay, then.
You see here a hound corpse.
You feel very buoyant.
You fly up into the air.
You block the iguana's attack. You block the iguana's attack.
The iguana bites you but does no damage.
You barely miss the iguana.
The iguana is heavily wounded.
The iguana hisses menacingly.
You block the iguana's attack.
You barely miss the iguana.
The iguana is heavily wounded.
The iguana bites you!
* * * LOW HITPOINT WARNING * * *
The iguana bites you!
You die...

#..#...#.###. . #.# ####..#...#.#
## .## ##.## #...........# # ..#
#...# #.########### ..# #...# #.#
######### #.# #...# #.#
###.......# #.#####...##### #.#
##.........#
#.#...........####.###..........#
..†.............@l..##..........#
###.....†.....####..##....[.....#
#####...##### #..###.........#
#...# #..# ##........# #...#
#..####.######## #...#
#.........#
########.#########.>.###.#.#
................#(.......#.#
.......#..#.###.#[......##.######


You could see an iguana.

Vanquished Creatures
  A hound (D:4)
  A bullfrog skeleton (D:4)
  An iguana (D:4)
  An orc wizard (D:3)
  A worker ant (D:4)
  A gnoll (D:2)
  3 adders
  An ooze (D:3)
  3 worms
  5 dart slugs
  3 leopard geckos
  11 orcs
  2 giant cockroaches (D:1)
  2 goblins
  7 hobgoblins
  14 jackals
  3 kobolds
  3 quokkas (D:3)
  2 ball pythons (D:2)
  8 bats
  7 frilled lizards
  5 rats
85 creatures vanquished.

Notes
Turn   | Place    | Note
-------+----------+-------------------------------------------
     0 | D:1      | kraedy the Demonspawn Fighter began the quest for the Orb.
     0 | D:1      | Reached XP level 1. HP: 18/18 MP: 1/1
    50 | D:1      | Reached skill level 2 in Long Blades
   158 | D:1      | Gained mutation: You are partially covered in sharp spines. [demonic ancestry]
   158 | D:1      | Reached XP level 2. HP: 12/24 MP: 2/2
   630 | D:1      | Reached skill level 3 in Long Blades
   855 | D:1      | Gained mutation: You are mostly covered in sharp spines. [demonic ancestry]
   855 | D:1      | Reached XP level 3. HP: 29/29 MP: 3/3
  1396 | D:2      | Found a sparkling altar of Nemelex Xobeh.
  1397 | D:2      | Found an opulent altar of Gozag.
  1600 | D:2      | Reached XP level 4. HP: 35/35 MP: 4/4
  1605 | D:2      | Reached skill level 4 in Long Blades
  2250 | D:3      | Gained mutation: You sometimes gain a little power by taking damage. [demonic ancestry]
  2250 | D:3      | Reached XP level 5. HP: 36/41 MP: 5/5
  2768 | D:3      | Reached skill level 5 in Long Blades
  3165 | D:4      | Found a staircase to the Ecumenical Temple.
  3172 | Temple   | Entered the Ecumenical Temple
  3181 | Temple   | Became a worshipper of Warmaster Okawaru
  3368 | D:4      | Gained mutation: Your movements are slightly less encumbered by armour. (ER -2) [demonic ancestry]
  3368 | D:4      | Reached XP level 6. HP: 34/47 MP: 6/6
  3428 | D:4      | HP: 2/47 [iguana (10)]
  3429 | D:4      | Mangled by an iguana

Skill      XL: |  1  2  3  4  5 |
---------------+----------------+-----
Long Blades    | 2 3 4 5 |  5.9
Fighting       | |  3.0
Armour         | |  2.6
Shields        | |  2.6

Action                   |  1- 3 |  4- 6 || total
-------------------------+-------+-------++-------
Melee: Long sword        |   110 |   116 ||   226
  Use: Scroll            |       |     5 ||     5
       Potion            |       |     2 ||     2
  Eat: Chunk             |     2 |     5 ||     7
Armor: Scale mail        |    45 |    37 ||    82
Dodge: Dodged            |    20 |    26 ||    46
Block: Shield            |    48 |    41 ||    89
       Rpst.: Long sword |    10 |     7 ||    17
